cohdb
Replays
Latest Replays
All Replays
Popular Replays
Top Player Replays
Match Explorer
How It Works
Community
CoH3 Stats
Reddit
Sign in to upload your games and track your stats! →
Sign in with Steam
Match 40328720
Unlisted
Match 40328720
Overview
Messages
Build Orders
End
Panzerpioneer Squad
Selects Armored Support Battlegroup
250 Light Carrier
Panzerpioneer Squad
Panzergrenadier Squad
Construct Light Support Kompanie
2.5-tonne Medical Truck
Combat Half-tracks
Panzerjäger Mechanized Group
Construct Mechanized Kompanie
Panzergrenadier Squad
Support Armor Elements
8 Rad Armored Car
Selects Salvage Kits
Veteran Squad Leaders
Selects Veteran Gunners
Advanced Field Repairs
Tungsten Core Ammunition
Marder III Tank Destroyer
Marder III Tank Destroyer
Selects Panzer Storm
Construct Panzerarmee Kommand
Marder III Tank Destroyer
Selects Stuka Anti-tank Loiter
Selects Stuka Anti-tank Loiter
Walking Stuka Rocket Launcher
Armored Reserves
Stuka Anti-tank Loiter
Panzergrenadier Squad
Marder III Tank Destroyer
Marder III Tank Destroyer
HI
乔龙迪克
~TAB~ THUND3RCHUNKY
NooJ
0
0
Comments
sign in to comment!
No comments posted yet!